AoeStats
← Jaguar82

Scandinavia

510462609Analyzed
1v1 RM · 1d ago on Oct 1, 2026· 39m 1s· 2 players
Game mode
Random Map
Map size
Tiny (2 player)
Population
200
Speed
Normal
Resources
Standard
Victory
Conquest
Starting age
Dark Age
Ending age
Imperial Age
RankedLock teamsTeams togetherTeam positionsShared explorationLock speedFull tech treeHidden civsTurbo modeCheats
Victory
Defeat
🇺🇸 Byzantines · United States
1537
+15
🇲🇽 Khitans · Mexico
1506
-15
Jaguar82
6:44 Loom
8:59 Feudal Age
9:40 Domestication
9:52 Double-Bit Axe
13:32 Forging
15:23 Scale Barding Armor
19:43 Castle Age
18:09 Scale Mail Armor
18:04 Gold Mining
19:30 Wheelbarrow
19:16 Arson
21:30 Iron Casting
21:11 Chain Mail Armor
21:11 Squires
22:04 Bow Saw
23:07 Husbandry
23:45 Gambesons
24:36 Scale Barding Armor
27:22 Town Watch
33:53 Imperial Age
32:08 Chain Barding Armor
33:54 Pastoralism
33:48 Fletching
34:22 Elite Steppe Lancer
35:39 Plate Barding Armor
34:59 Bodkin Arrow
36:40 Heavy Camel Rider
37:21 Bracer
39:03 Conscription
39:10 Hand Cart
38:55 Town Patrol
39:29 Plate Mail Armor
38:46 Elite Fire Lancer
Stumpthorn
3:39 Loom
12:33 Feudal Age
13:08 Double-Bit Axe
14:38 Fishing Lines
21:59 Castle Age
20:20 Horse Collar
21:27 Forging
24:14 Wheelbarrow
24:34 Gillnets
25:55 Bow Saw
26:13 Gold Mining
27:06 Hand Cart
27:09 Stone Mining
27:56 Gold Shaft Mining
27:17 Fletching
28:07 Bodkin Arrow
28:36 Ballistics
29:44 Stone Shaft Mining
29:35 Scale Barding Armor
32:29 Imperial Age
30:05 Heavy Plow
34:26 Chemistry
34:31 Two-Man Saw
34:11 Conscription
34:28 Hoardings
34:05 Bracer
34:26 Chain Barding Armor
34:41 Iron Casting
35:10 Crop Rotation
35:21 Iron Casting
35:24 Heavy Camel Rider
36:05 Husbandry
36:42 Plate Barding Armor
39:33 Bombard Tower
Connection lost

Rejoining the realm…

Still unreachable

The connection could not be restored.

Session expired

The server has moved on; the page needs a fresh start.